 Dungeon Crawl Stone Soup version 0.26-a0-52-gd53d4cd058 (webtiles) character file.

Game seed: 13819509141252585606

79 Hasart the Shield-Bearer (level 4, -1/37 HPs)
             Began as a Formicid Fighter on June 6, 2020.
             Slain by a gnoll
             ... wielding a +0 spear
              (6 damage)
             ... on level 2 of the Dungeon.
             The game lasted 00:02:16 (1534 turns).

Hasart the Shield-Bearer (Formicid Fighter)         Turns: 1534, Time: 00:02:17

Health: -1/37      AC:  7    Str: 20    XL:     4   Next: 64%
Magic:  0/4        EV:  8    Int:  9    God:
Gold:   71         SH:  9    Dex: 10    Spells: 3/3 levels left

rFire    . . .     SeeInvis +   a - +0 war axe
rCold    . . .     Gourm    .   c - +0 kite shield
rNeg     . . .     Faith    .   b - +0 scale mail
rPois    .         Spirit   +   (helmet unavailable)
rElec    .         Reflect  .   (no cloak)
rCorr    .         Harm     .   (no gloves)
MR       +....                  (no boots)
Stlth    ..........             o - amulet of guardian spirit
HPRegen  0.12/turn              p - ring of protection from magic
MPRegen  0.09/turn              (no ring)

@: mighty
A: permanent stasis, dig shafts and tunnels, four strong arms, antennae 3
a: Dig, Shaft Self


You were on level 2 of the Dungeon.
You were not hungry.

You visited 1 branch of the dungeon, and saw 3 of its levels.

You collected 71 gold pieces.

Inventory:

Hand Weapons
 a - a +0 war axe (weapon)
Armour
 b - a +0 scale mail (worn)
 c - a +0 kite shield (worn)
Jewellery
 o - an amulet of guardian spirit (around neck)
 p - a ring of protection from magic (left hand)
 r - an uncursed ring of protection from magic
Scrolls
 e - 2 scrolls of magic mapping {unknown}
 g - 3 scrolls of identify {unknown}
 i - a scroll of enchant weapon {unknown}
 j - 2 scrolls of teleportation {unknown}
 k - 3 scrolls of immolation {unknown}
 n - a scroll of remove curse {unknown}
Potions
 l - 2 potions of cancellation {unknown}
 m - 2 potions of stabbing {unknown}
 q - a potion of flight {unknown}
Comestibles
 f - 6 rations
 h - 5 chunks of flesh


   Skills:
 + Level 3.8 Fighting
 * Level 3.1 Axes
 + Level 3.8 Armour
 + Level 4.2 Shields


You had 3 spell levels left.
You didn't know any spells.
Your spell library was empty.

Dungeon Overview and Level Annotations

Branches:
Dungeon (3/15)

Altars:


Innate Abilities, Weirdness & Mutations

You cannot be hasted, slowed, berserked, paralysed or teleported.
You can dig through walls and to a lower floor.
Your four strong arms can wield two-handed weapons with a shield.
You have a pair of large antennae on your head. (SInv)


Message History

The gnoll closely misses you.
You barely miss the gnoll. You block the gnoll's attack.
The gnoll hits you with a +0 whip.
* * * LOW HITPOINT WARNING * * *
You slash the gnoll!
You kill the gnoll!
You block the gnoll's attack. The gnoll hits you but does no damage.
You block the gnoll's attack.
You see here a +0 whip.
You slash the gnoll!
The gnoll is almost dead.
You block the gnoll's attack.
You closely miss the gnoll.
The gnoll is almost dead.
The gnoll hits you with a +0 spear.
* * * LOW HITPOINT WARNING * * *
You closely miss the gnoll.
The gnoll is almost dead.
You block the gnoll's attack. The gnoll hits you with a +0 spear!
You die...

....# †.[.# ....## .....#
##..÷##################
.'..÷'...............>#######
##...#############÷#####...<#
##### ####.# #.#### #####
#.@..#####.# #...#
#g#####....# #...#
#.#####.#### #...# #^...##.#
#...# #.#####.# ....# #.#
#.#### ....# #.# #....# ....#
###.# ####.# ....# #...#
###.#


You could see a gnoll.

Vanquished Creatures
  2 gnolls (D:2)
  An adder (D:3)
  3 worms (D:2)
  A dart slug (D:3)
  2 leopard geckos
  4 giant cockroaches
  8 goblins
  3 hobgoblins
  A jackal (D:3)
  3 kobolds
  3 bats
  3 frilled lizards (D:3)
  5 rats
39 creatures vanquished.

Notes
Turn   | Place    | Note
-------+----------+-------------------------------------------
     0 | D:1      | Hasart the Formicid Fighter began the quest for the Orb.
     0 | D:1      | Reached XP level 1. HP: 18/18 MP: 1/1
    80 | D:1      | Reached XP level 2. HP: 24/24 MP: 2/2
   762 | D:2      | You fall into a shaft and drop 1 floor!
   909 | D:3      | Reached skill level 4 in Shields
   909 | D:3      | Reached XP level 3. HP: 29/29 MP: 3/3
  1257 | D:2      | Reached XP level 4. HP: 29/37 MP: 2/4
  1534 | D:2      | Slain by a gnoll

Illustrated notes

Levels and vault maps discovered:
D:1:      grunt_arrival_crossed_arrows, layout_loops_corners,
          serial_bayou_pond_c
D:2:      layout_basic
D:3:      layout_loops_ring, minivault_26, st_stairs_12,
          nicolae_gozag_cash_rules_everything_around_me, uniq_ijyb, uniq_grinder

Skill      XL: |  1  2  3  4 |
---------------+-------------+-----
Shields        | 4 |  4.2
Axes           | 3 |  3.1
Fighting       | |  3.8
Armour         | |  3.8

Action                   |  1- 3 |  4- 6 || total
-------------------------+-------+-------++-------
Melee: War axe           |    78 |    36 ||   114
  Use: Potion            |       |     1 ||     1
  Eat: Chunk             |     1 |     1 ||     2
Armor: Scale mail        |    27 |    15 ||    42
Dodge: Dodged            |    35 |    11 ||    46
Block: Kite shield       |    44 |    31 ||    75

Table legend:
 A = Non-vault XP
 B = Vault XP
 C = Vault XP percentage of total XP
 D = Non-vault monster count
 E = Vault monster count
 F = Vault count percentage of total count
                 A         B        C        D         E       F
            +---------+---------+-------+---------+---------+-------
      Total |     107 |       7 |   6.1 |      37 |       2 |   5.1
            +---------+---------+-------+---------+---------+-------
        D:1 |      16 |       0 |   0.0 |       9 |       0 |   0.0
        D:2 |      61 |       5 |   7.6 |      18 |       1 |   5.3
        D:3 |      30 |       2 |   6.2 |      10 |       1 |   9.1
            +---------+---------+-------+---------+---------+-------
